 Dungeon Crawl Stone Soup version bcrawl-1.21.2-1-g32d02e0829 (webtiles) character file.

Game seed: 16246851561630997163

100 Freyura the Skirmisher (level 4, 0/28 HPs)
             Began as a Vine Stalker Fighter on Feb 22, 2020.
             Was an Initiate of Elyvilon.
             Slain by a bullfrog (4 damage)
             ... on level 3 of the Dungeon.
             The game lasted 00:03:25 (1655 turns).

Freyura the Skirmisher (Vine Stalker Fighter)       Turns: 1655, Time: 00:03:25

Health: 0/28       AC:  6    Str: 18    XL:     4   Next: 74%
Magic:  5/5        EV:  7    Int:  8    God:    Elyvilon [......]
Gold:   54         SH:  9    Dex: 15    Spells: 3/3 levels left

rFire    . . .     SeeInvis .   a - +0 flail
rCold    . . .     Gourm    .   c - +0 shield
rNeg     . . .     Faith    .   b - +0 scale mail
rPois    .         Spirit   .   (no helmet)
rElec    .         Reflect  .   (no cloak)
rCorr    .         Harm     .   (no gloves)
MR       .....                  (no boots)
Stlth    ..........             (no amulet)
HPRegen  0.49/turn              k - ring of wizardry
MPRegen  0.09/turn              l - ring of flight

@: no status effects
A: fangs 2, regeneration 1, no potion heal 3, rot immunity, strong jaws
a: Renounce Religion, Evoke Flight


You were on level 3 of the Dungeon.
You worshipped Elyvilon.
Elyvilon was noncommittal.
You were hungry.

You visited 1 branch of the dungeon, and saw 3 of its levels.

You collected 54 gold pieces.

Inventory:

Hand Weapons
 a - a +0 flail (weapon)
Armour
 b - a +0 scale mail (worn)
 c - a +0 shield (worn)
 h - a +0 chain mail
 m - a +0 large shield
Jewellery
 k - a ring of wizardry (left hand)
 l - a ring of flight (right hand)
Scrolls
 d - a scroll of teleportation
 g - a scroll of identify
Potions
 j - a potion of magic
 o - a potion of cancellation {unknown}
 p - a potion of curing {unknown}
 q - a potion of heal wounds {unknown}
Comestibles
 e - 2 rations {!d}


   Skills:
 + Level 3.2 Fighting
 * Level 2.9 Maces & Flails
 + Level 2.8 Armour
 + Level 1.3 Dodging
 + Level 3.0 Shields
 + Level 0.1 Invocations


You had 3 spell levels left.
You didn't know any spells.
Your spell library was empty.

Dungeon Overview and Level Annotations

Branches:
Dungeon (3/12)

Altars:
Elyvilon


Innate Abilities, Weirdness & Mutations

You have extremely sharp teeth.
Your natural rate of healing is unusually fast.
Potions cannot restore your health.
You are immune to rotting.
Your bites deal extra damage.


Message History

You are too injured to fight recklessly!
Your shield and scale mail prevent you from hitting the bullfrog.
Your bite misses the bullfrog. You block the bullfrog's attack.
The bullfrog hits you but does no damage.
You closely miss the bullfrog. You block the bullfrog's attack.
You barely miss the bullfrog. You bite the bullfrog.
The bullfrog is moderately wounded.
The bullfrog hits you.
* * * LOW HITPOINT WARNING * * *
The bullfrog hits you.
* * * LOW HITPOINT WARNING * * *
You closely miss the bullfrog.
You bite the bullfrog, but do no damage.
The bullfrog is moderately wounded.
The bullfrog completely misses you. You block the bullfrog's attack.
Your shield prevents you from hitting the bullfrog.
Your bite misses the bullfrog.
The bullfrog is moderately wounded.
The bullfrog hits you.
You die...

♣.._..♣♣♣♣♣♣..♣#..######
♣............♣##........
♣............♣#..#......
♣...........♣##.##...... .
♣♣.........♣♣#..##......
..# #♣♣♣....♣♣###..........
....####♣♣♣♣###...######.##
.......######...### .#
........).@F..### .#
#####.†.####### ###.# ...
$...# .....# #)...## ##.#.#
#...#


You could see a bullfrog.

Vanquished Creatures
  Terence (D:2)
  An adder (D:2)
  An adder skeleton (D:3)
  2 worms (D:2)
  4 leopard geckos
  5 orcs (D:3)
  2 giant cockroaches
  4 hobgoblins
  6 jackals (D:3)
  2 quokkas (D:2)
  3 ball pythons
  3 bats
  2 frilled lizards
  4 goblins
  4 kobolds
  4 rats
48 creatures vanquished.

Notes
Turn   | Place    | Note
-------+----------+-------------------------------------------
     0 | D:1      | Freyura the Vine Stalker Fighter began the quest for the
                  | Orb.
     0 | D:1      | Reached XP level 1. HP: 13/13 MP: 2/2
   183 | D:1      | Reached XP level 2. HP: 18/18 MP: 3/3
   795 | D:2      | Reached XP level 3. HP: 23/23 MP: 4/4
   856 | D:2      | Noticed Terence
   861 | D:2      | Killed Terence
   861 | D:2      | Reached skill level 1 in Dodging
   935 | D:2      | Reached XP level 4. HP: 17/28 MP: 5/5
  1552 | D:3      | Found a white marble altar of Elyvilon.
  1562 | D:3      | Became a worshipper of Elyvilon the Healer
  1645 | D:3      | Noticed a bullfrog
  1655 | D:3      | Slain by a bullfrog

Skill      XL: |  1  2  3 |
---------------+----------+-----
Maces & Flails | 2 |  2.9
Fighting       | 3 |  3.2
Dodging        | 1 |  1.3
Shields        | 3 |  3.0
Armour         | |  2.8
Invocations    | |  0.1

Action                   |  1- 3 |  4- 6 || total
-------------------------+-------+-------++-------
Melee: Flail             |    76 |    69 ||   145
       Bite              |     7 |     6 ||    13
  Use: Potion            |     1 |       ||     1
       Scroll            |       |     5 ||     5
  Eat: Chunk             |       |     2 ||     2
Armor: Scale mail        |    26 |    31 ||    57
Dodge: Dodged            |    18 |    30 ||    48
Block: Shield            |    40 |    42 ||    82
